[Event "Titled Tuesday Blitz June 15 2021"]
[White "Goryachkina, Aleksandra"]
[Black "Zverev, Lev"]
[WhiteFideId "4147103"]
[BlackFideId "24250775"]
[WhiteElo "2441"]
[BlackElo "2109"]
[Result "1-0"]
[Round "10"]
[TimeControl "180+1"]
[Date "2021.06.15"]
[WhiteClock "0:00:57"]
[BlackClock "0:00:28"]

1. e4 e5 2. Nf3 Nc6 3. Nc3 Nf6 4. d4 exd4 5. Nxd4 Bc5 6. Nxc6 bxc6 7. Bd3 d5 8. O-O O-O 9. exd5 cxd5 10. Bg5 c6 11. h3 Be7 12. Qf3 h6 13. Bf4 Be6 14. Rad1 Bd6 15. Ne2 Bxf4 16. Nxf4 Qd6 17. c4 d4 18. Rfe1 Rab8 19. b3 c5 20. Nh5 Nxh5 21. Qxh5 Rfe8 22. Re5 Re7 23. Rxc5 Rbe8 24. Re5 f6 25. Re2 Bf7 26. Qf3 Rxe2 27. Bxe2 Qe5 28. Bf1 Bh5 29. g4 Bg6 30. Qd5+ Bf7 31. Qxd4 Qa5 32. Qd2 Qc7 33. Bg2 h5 34. g5 Re5 35. Qd8+ Qxd8 36. Rxd8+ Kh7 37. gxf6 gxf6 38. Rd7 1-0


[Site "https://www.chess.com"]

[Event "Titled Tuesday Blitz June 15 2021"]
[White "Gunina, Valentina"]
[Black "Cunjalo, Faris"]
[WhiteFideId "4167570"]
[BlackFideId "14410710"]
[WhiteElo "2399"]
[BlackElo "2234"]
[Result "1-0"]
[Round "10"]
[TimeControl "180+1"]
[Date "2021.06.15"]
[WhiteClock "0:01:03"]
[BlackClock "0:00:07"]

1. d4 Nf6 2. c4 g6 3. Nc3 c5 4. d5 Bg7 5. e4 O-O 6. Nf3 d6 7. Bd3 e6 8. O-O Re8 9. h3 Na6 10. Bf4 Nc7 11. Qd2 e5 12. Bg5 Bd7 13. Nh2 Qe7 14. Rae1 Qf8 15. f4 exf4 16. Qxf4 Nh5 17. Qf3 Be5 18. g4 Ng7 19. Qg2 b5 20. Nf3 bxc4 21. Bxc4 Rab8 22. Nxe5 Rxe5 23. Bf6 Nce8 24. Bxe5 dxe5 25. b3 Nd6 26. Bd3 Qe7 27. Qf2 Rc8 28. Qf6 Qxf6 29. Rxf6 Nge8 30. Rf2 c4 31. bxc4 Nxc4 32. Rc1 Ncd6 33. Rfc2 Nf6 34. Nd1 Rb8 35. Rc7 Bb5 36. Rb1 Rb6 37. Bxb5 Nxb5 38. Rc6 Nd4 39. Rbxb6 axb6 40. Rxf6 1-0


[Site "https://www.chess.com"]

[Event "Titled Tuesday Blitz June 15 2021"]
[White "Hansen, Eric"]
[Black "Khusnutdinov, Rustam"]
[WhiteFideId "2606771"]
[BlackFideId "13701703"]
[WhiteElo "2568"]
[BlackElo "2571"]
[Result "1-0"]
[Round "10"]
[TimeControl "180+1"]
[Date "2021.06.15"]
[WhiteClock "0:00:03"]
[BlackClock "0:00:08"]

1. e4 e6 2. d4 d5 3. Nc3 Nf6 4. Bg5 dxe4 5. Nxe4 Nbd7 6. Nf3 h6 7. Nxf6+ Nxf6 8. Be3 Nd5 9. Bd2 c5 10. Bb5+ Bd7 11. Bxd7+ Qxd7 12. c4 Nb6 13. Rc1 Be7 14. dxc5 Bxc5 15. b4 Be7 16. c5 Nd5 17. Ne5 Qc7 18. Qa4+ Kf8 19. Nc4 h5 20. O-O h4 21. h3 Rh5 22. Rfe1 Rf5 23. Qd1 Rd8 24. a3 Nf4 25. Bxf4 Qxf4 26. Qe2 Rfd5 27. Rc3 Qd4 28. Rf3 Bf6 29. Nd6 Re5 30. Re3 Rxe3 31. fxe3 Qc3 32. Rf1 Ke7 33. Qf3 Rd7 34. Nxb7 Qxa3 35. Qe4 Qd3 36. Qf3 Rd5 37. Nd6 Qc2 38. e4 Rd3 39. Qh5 Rxd6 40. cxd6+ Kxd6 41. Qxf7 Qxe4 42. Kh1 Qxb4 43. Qxa7 Bd4 44. Rd1 Kd5 45. Qxg7 e5 46. Qg8+ Ke4 47. Qg4+ Kd5 48. Qd7+ Ke4 49. Qc6+ Ke3 50. Qf3# 1-0


[Site "https://www.chess.com"]

[Event "Titled Tuesday Blitz June 15 2021"]
[White "Har-Zvi, Ronen"]
[Black "Shahaliyev, Ismayil"]
[WhiteFideId "2801485"]
[BlackFideId "13406388"]
[WhiteElo "2523"]
[BlackElo "2105"]
[Result "1-0"]
[Round "10"]
[TimeControl "180+1"]
[Date "2021.06.15"]
[WhiteClock "0:02:12"]
[BlackClock "0:00:23"]

1. Nf3 d5 2. d4 Nf6 3. Bf4 Bf5 4. e3 e6 5. c4 c6 6. Nc3 Nbd7 7. h3 Bb4 8. Qb3 Qa5 9. Be2 Ne4 10. Rc1 dxc4 11. Bxc4 Nb6 12. O-O Nxc4 13. Nxe4 Bxe4 14. Rxc4 Bxf3 15. gxf3 Bd2 16. Rd1 b5 17. Rxc6 O-O 18. Bc7 Qb4 19. Qc2 Be1 20. Bd6 1-0


[Site "https://www.chess.com"]

[Event "Titled Tuesday Blitz June 15 2021"]
[White "Harshavardhan G B"]
[Black "Stelmaszyk, Nico"]
[WhiteFideId "25059009"]
[BlackFideId "16200462"]
[WhiteElo "1825"]
[BlackElo "2119"]
[Result "1-0"]
[Round "10"]
[TimeControl "180+1"]
[Date "2021.06.15"]
[WhiteClock "0:00:19"]
[BlackClock "0:00:25"]

1. e4 e5 2. Nc3 Nc6 3. Bc4 Nf6 4. d3 Bc5 5. Bg5 h6 6. Bh4 g5 7. Bg3 d6 8. Nge2 Be6 9. Bxe6 fxe6 10. Qd2 Qd7 11. O-O-O a6 12. f3 Nh5 13. Kb1 O-O-O 14. h4 Nf4 15. hxg5 hxg5 16. Nxf4 gxf4 17. Bf2 Bxf2 18. Qxf2 Qg7 19. Ne2 Rdg8 20. Rxh8 Rxh8 21. g3 fxg3 22. Nxg3 Rf8 23. Ne2 Qf6 24. Rf1 Kb8 25. Qg3 Ne7 26. a3 Ng6 27. c3 Nf4 28. Nxf4 Qxf4 29. Qxf4 Rxf4 30. Kc2 Kc8 31. Kd2 Rh4 32. Rf2 Rh1 33. Rg2 Rf1 34. Ke2 Rb1 35. Ke3 Kd7 36. f4 exf4+ 37. Kxf4 e5+ 38. Ke3 Kc6 39. d4 Kb5 40. dxe5 dxe5 41. Kd3 Rd1+ 42. Kc2 Rd7 43. Rg5 Re7 44. Kd3 a5 45. c4+ Kc5 46. b3 c6 47. Kc3 b5 48. b4+ axb4+ 49. axb4+ Kb6 50. c5+ Kc7 51. Rh5 Kb7 52. Kd3 Rd7+ 53. Ke3 Rd4 54. Rxe5 Rxb4 55. Re7+ Kc8 56. Kf4 Rc4 57. Ke5 Rxc5+ 58. Kd6 Rc1 59. e5 b4 60. Rc7+ Kb8 61. Rh7 Rd1+ 62. Kxc6 Re1 63. Kd6 b3 64. Rh3 Rd1+ 65. Ke7 Rb1 66. e6 b2 67. Rh2 Kc7 68. Rf2 Kc6 69. Kf7 Ra1 70. Rxb2 Kd6 71. Rd2+ Kc7 72. e7 Rf1+ 73. Ke8 Re1 74. Rc2+ Kd6 75. Kd8 1-0


[Site "https://www.chess.com"]

[Event "Titled Tuesday Blitz June 15 2021"]
[White "Herman, Matthew"]
[Black "Turgut, Aydin"]
[WhiteFideId "2028964"]
[BlackFideId "2078791"]
[WhiteElo "2368"]
[BlackElo "2138"]
[Result "1-0"]
[Round "10"]
[TimeControl "180+1"]
[Date "2021.06.15"]
[WhiteClock "0:00:14"]
[BlackClock "0:00:26"]

1. d4 Nf6 2. c4 e6 3. Nc3 Bb4 4. f3 d5 5. a3 Bxc3+ 6. bxc3 c5 7. e3 Nc6 8. cxd5 Nxd5 9. Qd2 O-O 10. e4 Nde7 11. Ne2 Qc7 12. Bb2 Rd8 13. Rd1 b6 14. Ng3 Bb7 15. Qe3 cxd4 16. cxd4 Na5 17. Rc1 Qd7 18. Be2 Nec6 19. Rd1 Qc8 20. O-O Ba6 21. Bxa6 Qxa6 22. Qg5 f6 23. Qg4 Kf7 24. Nh5 Rg8 25. d5 exd5 26. exd5 Qc4 27. dxc6 Qxg4 28. fxg4 Nxc6 29. Rd7+ Ke6 30. Rxg7 Rxg7 31. Nxg7+ Kf7 32. Nh5 Ke6 33. Rxf6+ Kd5 34. Rh6 Kc4 35. Rxc6+ Kb3 36. Bf6 Re8 37. Rc3+ Ka4 38. Rf3 a5 39. g5 b5 40. Ng7 Re1+ 41. Kf2 Rc1 42. Nf5 Rc2+ 43. Kg3 b4 44. axb4 axb4 45. Nd4 Rc4 46. h4 Rc5 47. h5 Rd5 48. g6 hxg6 49. hxg6 b3 50. Nxb3 Rd6 51. Nc5+ Kb5 52. Ne4 Re6 53. Rf4 Re8 54. g7 Kc6 55. Bc3 Rg8 56. Rf8 Rxg7+ 57. Bxg7 Kd5 58. Rf4 Ke6 59. Kf3 Ke7 60. g4 Ke6 61. Bc3 Kd5 62. Nd2 Ke6 63. g5 Kd7 64. g6 Kc6 65. g7 Kd5 66. g8=Q+ Kc5 67. Qg5+ Kd6 68. Rf6+ Ke7 69. Qg7+ Ke8 70. Rf8# 1-0


[Site "https://www.chess.com"]

[Event "Titled Tuesday Blitz June 15 2021"]
[White "Herrera Reyes, Jose Antonio"]
[Black "Haitin, Ilja"]
[WhiteFideId "2274914"]
[BlackFideId "4501764"]
[WhiteElo "2370"]
[BlackElo "2182"]
[Result "0-1"]
[Round "10"]
[TimeControl "180+1"]
[Date "2021.06.15"]
[WhiteClock "0:01:03"]
[BlackClock "0:00:18"]

1. Nf3 d5 2. g3 Nf6 3. Bg2 Bf5 4. d3 c6 5. O-O h6 6. c3 e6 7. Qb3 Qb6 8. Be3 Qxb3 9. axb3 a6 10. b4 Nbd7 11. Nbd2 Rc8 12. Nb3 Bd6 13. Na5 Rc7 14. Nd4 Bg6 15. h3 O-O 16. f4 e5 17. fxe5 Bxe5 18. Bf4 Bxf4 19. Rxf4 Re8 20. Raf1 Ne5 21. g4 Rce7 22. Ndb3 b6 23. d4 bxa5 24. dxe5 Rxe5 25. Nxa5 Rxe2 26. Nxc6 Rxb2 27. R4f2 Ree2 28. Rxe2 Rxe2 29. Ra1 Be4 30. Bxe4 dxe4 31. Nd4 Rd2 32. Rxa6 e3 33. b5 Ne4 34. Ra8+ Kh7 35. Re8 Nxc3 36. Rxe3 Rxd4 37. Rxc3 Rb4 38. Rc5 Rb2 39. Rf5 Kg8 40. Kf1 g6 41. Rc5 Kg7 42. h4 Kf6 43. g5+ hxg5 44. hxg5+ Ke6 45. Ke1 Kd6 46. Rc6+ Ke5 47. Rc5+ Kd4 48. Rc7 Rxb5 49. Rxf7 Rxg5 50. Ke2 Ke4 51. Kf2 Rg4 52. Ra7 Kf4 53. Ra4+ Kg5 54. Ra6 Kh4 55. Kf3 Rg3+ 56. Kf2 g5 57. Ra4+ Kh3 58. Ra8 Rg2+ 59. Kf1 g4 60. Ra3+ Kh2 61. Ra8 Rg1+ 62. Kf2 g3+ 63. Kf3 Rf1+ 64. Ke2 Rf7 65. Rh8+ Kg1 66. Rf8 Rxf8 67. Kd3 g2 0-1


[Site "https://www.chess.com"]

[Event "Titled Tuesday Blitz June 15 2021"]
[White "Hess, Robert"]
[Black "Von Buelow, Georg"]
[WhiteFideId "2022036"]
[BlackFideId "4620658"]
[WhiteElo "2557"]
[BlackElo "2258"]
[Result "1-0"]
[Round "10"]
[TimeControl "180+1"]
[Date "2021.06.15"]
[WhiteClock "0:00:05"]
[BlackClock "0:00:02"]

1. b3 d5 2. Bb2 Bg4 3. h3 Bh5 4. d3 e6 5. Nd2 c6 6. g4 Bg6 7. Ngf3 Nd7 8. Bg2 h5 9. g5 h4 10. Nf1 Ne7 11. Qd2 Nf5 12. O-O-O Qb6 13. e4 Nd6 14. exd5 cxd5 15. Ne3 O-O-O 16. Kb1 Kb8 17. Ng4 Bh5 18. Nxh4 Bxg4 19. hxg4 Nb5 20. a4 Nc7 21. Nf3 Bb4 22. Qe3 Rxh1 23. Rxh1 Bc5 24. Qf4 f6 25. gxf6 gxf6 26. Bxf6 Rf8 27. Rh8 Rxh8 28. Bxh8 a6 29. Ne5 Nxe5 30. Bxe5 Kc8 31. g5 Ne8 32. g6 Bxf2 33. g7 Nxg7 34. Qf8+ Kd7 35. Qxg7+ Kc6 36. Qe7 Qe3 37. Qxe6+ Kc5 38. Qxd5+ Kb4 39. Qc4+ Ka5 40. Bc7+ b6 41. Qd5+ Kb4 42. Bd6+ Kc3 43. Qc4+ Kd2 44. Bf4 Kd1 45. Bxe3 Bh4 46. Qg4+ Ke1 47. Qxh4+ Ke2 48. Qf2+ Kd1 49. Bf3# 1-0


[Site "https://www.chess.com"]

[Event "Titled Tuesday Blitz June 15 2021"]
[White "Ivanisevic, Ivan"]
[Black "Gormally, Daniel W"]
[WhiteFideId "912417"]
[BlackFideId "406465"]
[WhiteElo "2499"]
[BlackElo "2543"]
[Result "1-0"]
[Round "10"]
[TimeControl "180+1"]
[Date "2021.06.15"]
[WhiteClock "0:00:32"]
[BlackClock "0:00:21"]

1. d4 Nf6 2. c4 e6 3. Nc3 Bb4 4. e3 O-O 5. Bd3 d5 6. cxd5 Nxd5 7. Ne2 c5 8. Bc2 cxd4 9. exd4 Nc6 10. Qd3 g6 11. Bh6 Re8 12. O-O Bf8 13. Bxf8 Rxf8 14. Bb3 Nce7 15. Qd2 Bd7 16. Nxd5 exd5 17. Rfe1 a5 18. a3 Qb6 19. Ba2 Rfe8 20. Nf4 Qd6 21. Re5 Nc6 22. Rxd5 Qe7 23. h4 Bf5 24. h5 Be4 25. Re1 Qc7 26. hxg6 hxg6 27. Rg5 Kf8 28. d5 Nd4 29. Ne6+ Nxe6 30. dxe6 Rad8 31. Qe3 Bf5 32. Rxf5 gxf5 33. Qh6+ Ke7 34. exf7+ Kd7 35. fxe8=Q+ Rxe8 36. Qg7+ 1-0


[Site "https://www.chess.com"]

[Event "Titled Tuesday Blitz June 15 2021"]
[White "Jacobson, Aaron"]
[Black "Costachi, Mihnea"]
[WhiteFideId "2089912"]
[BlackFideId "1217518"]
[WhiteElo "2260"]
[BlackElo "2479"]
[Result "1-0"]
[Round "10"]
[TimeControl "180+1"]
[Date "2021.06.15"]
[WhiteClock "0:01:08"]
[BlackClock "0:00:27"]

1. e4 e5 2. Nf3 Nc6 3. Nc3 Nf6 4. d4 exd4 5. Nxd4 Bb4 6. Nxc6 bxc6 7. Bd3 d5 8. exd5 O-O 9. O-O cxd5 10. h3 h6 11. Qf3 c6 12. Bf4 Bd6 13. Rfe1 Rb8 14. b3 Rb4 15. Bxd6 Qxd6 16. Qe3 d4 17. Ne4 dxe3 18. Nxd6 exf2+ 19. Kxf2 Be6 20. Bc4 Bxc4 21. Nxc4 Nd5 22. Ne5 Rc8 23. c4 Nf6 24. Nd3 Rbb8 25. Nc5 Re8 26. Rxe8+ Rxe8 27. Rd1 Kf8 28. Rd6 Rc8 29. Kf3 Ke7 30. Rd2 g5 31. g4 a5 32. Ne4 Nxe4 33. Kxe4 a4 34. Kf5 axb3 35. axb3 Rb8 36. Rd3 c5 37. Re3+ Kf8 38. Rd3 Ke7 39. Ke5 f6+ 40. Kf5 Kf7 41. Rd7+ Ke8 42. Rh7 Rxb3 43. Rxh6 Rc3 44. Kxf6 Rxc4 45. Kxg5 Kd7 46. h4 Rd4 47. Ra6 c4 48. h5 c3 49. Ra1 Kd6 50. Rc1 Rd3 51. h6 Kd5 52. h7 Rh3 53. Kg6 Kd4 54. g5 Kd3 55. Kg7 Kd2 56. Rg1 c2 57. g6 Rg3 58. h8=Q Rxg1 59. Qh2+ Rg2 60. Qxg2+ Kd3 61. Qf1+ Kd4 62. Qc1 Kc3 63. Kf7 1-0


[Site "https://www.chess.com"]

[Event "Titled Tuesday Blitz June 15 2021"]
[White "Jacobson, Brandon"]
[Black "Moskalenko, Alexander"]
[WhiteFideId "30901561"]
[BlackFideId "4155351"]
[WhiteElo "2362"]
[BlackElo "2495"]
[Result "1-0"]
[Round "10"]
[TimeControl "180+1"]
[Date "2021.06.15"]
[WhiteClock "0:00:06"]
[BlackClock "0:00:51"]

1. d4 d6 2. Nf3 Nf6 3. c4 g6 4. Nc3 Bg7 5. e4 O-O 6. Be2 Bg4 7. Be3 Nfd7 8. Qd2 Nc6 9. h4 e5 10. d5 Bxf3 11. Bxf3 Nd4 12. h5 c6 13. O-O-O cxd5 14. cxd5 Rc8 15. Kb1 Re8 16. hxg6 hxg6 17. Bg4 Rc7 18. Bxd7 Rxd7 19. Bh6 Bf6 20. Qd3 b5 21. Rh3 Qe7 22. Rdh1 b4 23. Ne2 b3 24. axb3 Rb7 25. Nxd4 exd4 26. Bg5 Bxg5 27. Rh8+ Kg7 28. R8h7+ Kg8 29. Rh8+ Kg7 30. R8h7+ Kf6 31. Qf3+ Ke5 32. Qg3+ Bf4 33. R7h5+ f5 34. Qxg6 d3 35. Qxf5+ Kd4 36. Qxf4 Qxe4 37. Qd2 Qe2 38. Qc3+ Ke4 39. R1h4+ 1-0


[Site "https://www.chess.com"]

[Event "Titled Tuesday Blitz June 15 2021"]
[White "Jakubowski, Krzysztof"]
[Black "Roman, Rodrigo"]
[WhiteFideId "1112848"]
[BlackFideId "3701220"]
[WhiteElo "2462"]
[BlackElo "2043"]
[Result "1-0"]
[Round "10"]
[TimeControl "180+1"]
[Date "2021.06.15"]
[WhiteClock "0:00:18"]
[BlackClock "0:00:02"]

1. e4 a6 2. a4 c5 3. d3 Nc6 4. g3 d6 5. Bg2 g6 6. h4 Bg7 7. h5 Nf6 8. h6 Bf8 9. c3 Rb8 10. d4 cxd4 11. cxd4 Bg4 12. f3 Bd7 13. Ne2 e5 14. Nbc3 Be7 15. dxe5 Nxe5 16. g4 O-O 17. g5 Nh5 18. f4 Nc6 19. Bf3 f6 20. Bxh5 gxh5 21. Be3 fxg5 22. fxg5 Ne5 23. Qd5+ Kh8 24. Bd4 Qc7 25. O-O-O Bxg5+ 26. Kb1 Bc6 27. Qb3 Qf7 28. Qb4 Rbd8 29. a5 h4 30. Rhf1 Qxf1 31. Rxf1 Rxf1+ 32. Ka2 h3 33. Qb6 h2 34. Qc7 Bxh6 35. Qxd8+ Kg7 36. Ng3 Rg1 37. Nce2 h1=Q 38. Nxh1 Rxh1 39. Qxd6 Rh2 40. Qxe5+ Kg6 41. Qxh2 1-0


[Site "https://www.chess.com"]

[Event "Titled Tuesday Blitz June 15 2021"]
[White "Janaszak, Dawid"]
[Black "Klimkowski, Jan"]
[WhiteFideId "1119206"]
[BlackFideId "21856222"]
[WhiteElo "2332"]
[BlackElo "1903"]
[Result "1-0"]
[Round "10"]
[TimeControl "180+1"]
[Date "2021.06.15"]
[WhiteClock "0:00:26"]
[BlackClock "0:00:05"]

1. e4 c5 2. Nc3 a6 3. g3 b5 4. Bg2 Bb7 5. d3 e6 6. f4 d5 7. Nh3 d4 8. Ne2 Nc6 9. O-O e5 10. fxe5 Nxe5 11. Nef4 Nf6 12. Nh5 Qd6 13. Nxf6+ gxf6 14. Nf4 O-O-O 15. Nd5 Bxd5 16. exd5 h5 17. a4 b4 18. c3 h4 19. cxd4 cxd4 20. Bf4 hxg3 21. Bxg3 Bh6 22. Kh1 Be3 23. Rc1+ Kb8 24. Rc6 Qd7 25. Rfxf6 Rxh2+ 26. Bxh2 Rh8 27. Rb6+ Kc7 28. Qc2+ Kd8 29. Rb8+ Ke7 30. Rxh8 Kxf6 31. Qc5 Ng4 32. Qc6+ Ke7 33. Qxd7+ Kxd7 34. Bh3 f5 35. Bxg4 fxg4 36. d6 Bf2 37. Rh7+ Ke6 38. d7 1-0


[Site "https://www.chess.com"]

[Event "Titled Tuesday Blitz June 15 2021"]
[White "Jarovinsky, Alexey"]
[Black "Novikov, Evgenij"]
[WhiteFideId "14115131"]
[BlackFideId "4125380"]
[WhiteElo "2446"]
[BlackElo "2242"]
[Result "1-0"]
[Round "10"]
[TimeControl "180+1"]
[Date "2021.06.15"]
[WhiteClock "0:00:05"]
[BlackClock "0:00:05"]

1. Nc3 d5 2. e4 c6 3. g3 Nf6 4. Bg2 e6 5. d4 dxe4 6. Nxe4 Nxe4 7. Bxe4 Nd7 8. Bg2 Nf6 9. Nf3 Be7 10. O-O O-O 11. b3 a5 12. c4 a4 13. Bb2 Qa5 14. Qc2 c5 15. Rad1 cxd4 16. Nxd4 Rd8 17. h3 Qb6 18. Bc3 axb3 19. axb3 Bd7 20. Ra1 Bc5 21. Qb2 Bb4 22. Nc2 Bxc3 23. Qxc3 Bc6 24. Qb4 Qc7 25. Qc5 Nd7 26. Qe3 Bxg2 27. Kxg2 Ne5 28. Rxa8 Rxa8 29. Re1 Qc6+ 30. Qe4 Qxe4+ 31. Rxe4 Nd3 32. Rd4 Nc5 33. b4 Na4 34. c5 Nc3 35. Rd7 Rb8 36. Nd4 Kf8 37. Rd6 Nd5 38. b5 Ke7 39. Nf5+ Kf6 40. Nd4 Ke7 41. Nf5+ Kf6 42. Ne3 Nxe3+ 43. fxe3 Rc8 44. Rd7 Rxc5 45. Rxb7 Rc2+ 46. Kf3 Rb2 47. b6 h5 48. h4 g6 49. Ke4 Rd2 50. Rc7 Rb2 51. b7 Kg7 52. Ke5 Rb6 53. Kd4 Kf6 54. Kc5 Rb1 55. Kc6 Ke5 56. Rc8 Ke4 57. b8=Q Rxb8 58. Rxb8 Kxe3 59. Rf8 f5 60. Rf6 e5 61. Rxg6 f4 62. gxf4 exf4 63. Rg5 f3 64. Rxh5 f2 65. Rf5 Ke2 66. Rxf2+ Kxf2 67. h5 1-0


[Site "https://www.chess.com"]

[Event "Titled Tuesday Blitz June 15 2021"]
[White "Jia, Haoxiang"]
[Black "Zemach, Roee"]
[WhiteFideId "8602999"]
[BlackFideId "2818531"]
[WhiteElo "2632"]
[BlackElo "2131"]
[Result "1-0"]
[Round "10"]
[TimeControl "180+1"]
[Date "2021.06.15"]
[WhiteClock "0:00:30"]
[BlackClock "0:00:52"]

1. Nf3 Nf6 2. c4 e6 3. g3 d5 4. Bg2 Be7 5. d4 O-O 6. O-O dxc4 7. Qc2 a6 8. a4 Bd7 9. Qxc4 Bc6 10. Bf4 a5 11. Nc3 Na6 12. Rad1 Nb4 13. Qb3 Nfd5 14. Bd2 Qe8 15. Ra1 Bf6 16. e4 Nxc3 17. bxc3 Na6 18. Rfe1 Qd7 19. Bf4 Rfd8 20. h4 b6 21. h5 Bb7 22. h6 g6 23. Bg5 Bxg5 24. Nxg5 c5 25. Qxb6 Rab8 26. Qxa5 cxd4 27. cxd4 Qxd4 28. Rab1 Nc5 29. Qc7 Nd3 30. Qxf7+ 1-0


[Site "https://www.chess.com"]

[Event "Titled Tuesday Blitz June 15 2021"]
[White "Kamsky, Gata"]
[Black "Javakhadze, Zurab"]
[WhiteFideId "2000024"]
[BlackFideId "13603647"]
[WhiteElo "2644"]
[BlackElo "2381"]
[Result "0-1"]
[Round "10"]
[TimeControl "180+1"]
[Date "2021.06.15"]
[WhiteClock "0:00:38"]
[BlackClock "0:00:32"]

1. d4 g6 2. e4 Bg7 3. c3 d6 4. Nf3 Nf6 5. Bd3 Nc6 6. O-O e5 7. h3 O-O 8. Re1 Nh5 9. dxe5 Nxe5 10. Be2 Nf6 11. Nxe5 dxe5 12. Qc2 Qe7 13. Bc4 Nh5 14. Nd2 Nf4 15. Nf3 Qf6 16. Bxf4 Qxf4 17. Re3 c6 18. a4 h5 19. Rd1 Kh8 20. Rd6 h4 21. Qd3 Kh7 22. Rd8 Qf6 23. Rd6 Qe7 24. Qd1 f5 25. exf5 Bxf5 26. Nh2 Rad8 27. Rxd8 Rxd8 28. Qe1 Bc2 29. Nf1 Qc5 30. Qe2 Bd1 0-1


[Site "https://www.chess.com"]

[Event "Titled Tuesday Blitz June 15 2021"]
[White "Kim, Sergey"]
[Black "Ahmad, Al Khatib"]
[WhiteFideId "13700570"]
[BlackFideId "8103178"]
[WhiteElo "2490"]
[BlackElo "2151"]
[Result "1-0"]
[Round "10"]
[TimeControl "180+1"]
[Date "2021.06.15"]
[WhiteClock "0:00:57"]
[BlackClock "0:00:03"]

1. d4 Nf6 2. c4 g6 3. Nc3 Bg7 4. e4 d6 5. Nge2 Nbd7 6. Ng3 c5 7. d5 h5 8. h4 Ne5 9. Be2 O-O 10. O-O a6 11. a4 Rb8 12. Bg5 Nh7 13. Qd2 Nxg5 14. hxg5 e6 15. f4 Ng4 16. Bxg4 hxg4 17. Nce2 exd5 18. cxd5 b5 19. a5 f6 20. f5 fxg5 21. fxg6 Qe7 22. Rxf8+ Bxf8 23. Rf1 Bg7 24. Rf7 Qe5 25. Qe3 Rb7 26. Qf2 Qxb2 27. Rxb7 Qa1+ 28. Kh2 Be5 29. Qf7+ 1-0


[Site "https://www.chess.com"]

[Event "Titled Tuesday Blitz June 15 2021"]
[White "Kislov, Oleg"]
[Black "Rustemov, Alexander"]
[WhiteFideId "13503774"]
[BlackFideId "4119002"]
[WhiteElo "2252"]
[BlackElo "2725"]
[Result "1/2-1/2"]
[Round "10"]
[TimeControl "180+1"]
[Date "2021.06.15"]
[WhiteClock "0:00:05"]
[BlackClock "0:00:35"]

1. e4 e6 2. d4 d5 3. Nc3 Bb4 4. exd5 exd5 5. Bd3 Nc6 6. Ne2 Nge7 7. Bf4 Bf5 8. O-O Bxc3 9. Nxc3 O-O 10. Ne2 Bxd3 11. Qxd3 Qd7 12. c3 Nd8 13. Ng3 Ne6 14. Bd2 Rae8 15. Rae1 f6 16. Nf5 Nxf5 17. Qxf5 g6 18. Qd3 Kg7 19. Qh3 Rf7 20. Bh6+ Kg8 21. Re3 Rfe7 22. Rfe1 Kf7 23. Bf4 h5 24. Qf3 c6 25. Be5 f5 26. h3 Ng5 27. Qf4 Ne4 28. Qh6 Rg8 29. f3 Nf6 30. Bxf6 Rxe3 31. Rxe3 Kxf6 32. Re5 Qg7 33. Qe3 Qd7 34. h4 Kf7 35. Qh6 Rg7 36. Qg5 b6 37. f4 Kg8 38. Qf6 Kh7 39. Re6 c5 40. Qe5 cxd4 41. cxd4 Qa4 42. Kh2 Qxa2 43. Re7 Rxe7 44. Qxe7+ Kg8 45. Qe8+ Kg7 46. Qe7+ Kg8 47. Qe8+ Kg7 48. Qe7+ Kg8 1/2-1/2


[Site "https://www.chess.com"]

[Event "Titled Tuesday Blitz June 15 2021"]
[White "Krivonosov, Oleg"]
[Black "Berend, Elvira"]
[WhiteFideId "11600349"]
[BlackFideId "4000510"]
[WhiteElo "2469"]
[BlackElo "2340"]
[Result "1/2-1/2"]
[Round "10"]
[TimeControl "180+1"]
[Date "2021.06.15"]
[WhiteClock "0:00:17"]
[BlackClock "0:00:30"]

1. Nf3 Nf6 2. c4 e6 3. g3 Be7 4. Bg2 O-O 5. O-O d5 6. d4 dxc4 7. Qa4 a6 8. Qxc4 b5 9. Qc2 Bb7 10. Bg5 Nbd7 11. Bxf6 Nxf6 12. Nbd2 a5 13. Rac1 c5 14. dxc5 Rc8 15. Nb3 a4 16. Nbd4 Rxc5 17. Qb1 Be4 18. Qa1 Qb6 19. b4 Rxc1 20. Rxc1 Bxb4 21. Qb2 Bc5 22. e3 b4 23. Ne5 Bxg2 24. Kxg2 Bxd4 25. Qxd4 Qxd4 26. exd4 Nd5 27. Rc5 f6 28. Nd3 Rb8 29. Kf3 Kf7 30. Ra5 Nc3 31. g4 g5 32. h3 h6 33. Ke3 a3 34. Nc1 Nxa2 35. Nxa2 b3 36. Rxa3 bxa2 37. Rxa2 Rb3+ 38. Ke4 Rxh3 39. f3 Rh1 40. Ra7+ Kg6 41. Ra6 Re1+ 42. Kd3 h5 43. gxh5+ Kxh5 44. Kd2 Rf1 45. Ke2 Rb1 46. Rxe6 f5 47. d5 Rb5 48. d6 Rd5 49. Ke3 g4 50. fxg4+ Kxg4 51. Rg6+ Kh5 52. Re6 Kg4 53. Rg6+ Kh5 54. Re6 Kg4 1/2-1/2


[Site "https://www.chess.com"]

[Event "Titled Tuesday Blitz June 15 2021"]
[White "Leiva, Gianmarco"]
[Black "Senthil Maran K"]
[WhiteFideId "3804399"]
[BlackFideId "25035681"]
[WhiteElo "2365"]
[BlackElo "2194"]
[Result "0-1"]
[Round "10"]
[TimeControl "180+1"]
[Date "2021.06.15"]
[WhiteClock "0:00:04"]
[BlackClock "0:00:06"]

1. Nf3 d5 2. d4 Nf6 3. c4 e6 4. g3 dxc4 5. Bg2 c6 6. Ne5 c5 7. Be3 Nd5 8. Nc3 Nxe3 9. fxe3 Nd7 10. Nxc4 Be7 11. d5 exd5 12. Nxd5 O-O 13. O-O Nb6 14. Ndxb6 axb6 15. Qxd8 Bxd8 16. Nd6 Bf6 17. Nxc8 Raxc8 18. Bxb7 Rc7 19. Bd5 Rd7 20. Rfd1 Rfd8 21. e4 Bxb2 22. Rab1 Bd4+ 23. Kg2 Rd6 24. Rb3 Rc8 25. a4 Kf8 26. e3 Be5 27. Rdb1 c4 28. Rxb6 Rxb6 29. Rxb6 c3 30. Bb3 c2 31. Bxc2 Rxc2+ 32. Kf3 Ra2 33. Rb5 f6 34. a5 Kf7 35. Rb7+ Kg6 36. Ra7 h5 37. h4 Kh6 38. a6 Ra3 39. Ra8 Bd4 40. Kf4 Rxe3 41. a7 Ra3 42. Rh8+ Kg6 43. a8=Q Be5# 0-1


[Site "https://www.chess.com"]

[Event "Titled Tuesday Blitz June 15 2021"]
[White "Liang, Jason"]
[Black "Siniauski, Artsiom"]
[WhiteFideId "30940303"]
[BlackFideId "13512269"]
[WhiteElo "1976"]
[BlackElo "2212"]
[Result "1-0"]
[Round "10"]
[TimeControl "180+1"]
[Date "2021.06.15"]
[WhiteClock "0:00:33"]
[BlackClock "0:00:03"]

1. d3 Nf6 2. Nf3 e6 3. e4 d5 4. Nbd2 c5 5. g3 Nc6 6. Bg2 g6 7. O-O Bg7 8. Re1 O-O 9. c3 a5 10. a4 b6 11. exd5 exd5 12. Nf1 Bb7 13. Bf4 Re8 14. Qd2 Qd7 15. h4 Rxe1 16. Rxe1 Re8 17. Rxe8+ Qxe8 18. N1h2 Nd8 19. Qd1 Ne6 20. Be5 Bc6 21. b3 Nd7 22. Bxg7 Kxg7 23. Ng4 h5 24. Nge5 Nxe5 25. Nxe5 Nc7 26. d4 f6 27. Nxc6 Qxc6 28. c4 Qd6 29. dxc5 Qxc5 30. cxd5 Ne8 31. Be4 Nd6 32. Bc2 Qc3 33. Qe2 Qe5 34. Qd3 f5 35. Kg2 Kf6 36. Bd1 Qe4+ 37. Qxe4 Nxe4 38. Kf3 Nc3 39. Be2 Nxd5 40. Bc4 Ne7 41. Kf4 Nc6 42. Ke3 Ke5 43. f4+ Kf6 44. Kd3 Ke7 45. Kc3 Nd8 46. Bd5 Kd7 47. Kd4 Kd6 48. Kc4 Kc7 49. Kb5 Nb7 50. Kc4 Nd6+ 51. Kd4 Kd7 52. Ke5 Ke7 53. Bc4 Ne8 54. Kd5 Nf6+ 55. Kc6 Ne4 56. Kxb6 Nxg3 57. Kxa5 Kd6 58. b4 Kc7 59. b5 Ne4 60. b6+ Kc6 61. Bd5+ Kxd5 62. b7 Nc5 63. b8=Q Kc4 64. Qb4+ Kd5 65. Kb5 Nd7 66. Qc4+ Kd6 67. Qd4+ Kc7 68. a5 Nb8 69. Qe5+ Kb7 70. Qd5+ Ka7 71. Qf7+ Ka8 72. a6 Nd7 73. Qxd7 Kb8 74. Qb7# 1-0


[Site "https://www.chess.com"]

[Event "Titled Tuesday Blitz June 15 2021"]
[White "Liyanage, Ranindu Dilshan"]
[Black "Vokhidov, Shamsiddin"]
[WhiteFideId "9915834"]
[BlackFideId "14204223"]
[WhiteElo "1839"]
[BlackElo "2572"]
[Result "0-1"]
[Round "10"]
[TimeControl "180+1"]
[Date "2021.06.15"]
[WhiteClock "0:02:02"]
[BlackClock "0:02:38"]

1. e4 c5 2. Nf3 Nc6 3. d4 cxd4 4. Nxd4 Nf6 5. Nc3 d6 6. Bg5 Bd7 7. Qd2 a6 8. O-O-O e6 9. f3 Nxd4 10. Qxd4 h6 11. Be3 Bc6 12. g4 d5 13. e5 Nd7 14. f4 Bc5 15. Qd2 d4 16. Bxd4 Bxd4 17. Bg2 Bxc3 18. bxc3 Bxg2 19. Qxg2 Qc7 20. f5 O-O-O 21. fxe6 fxe6 22. Rde1 Qxc3 0-1


[Site "https://www.chess.com"]